 Dungeon Crawl Stone Soup version 0.28-a0-691-gad6df49e81 (webtiles) character file.

Game seed: 6599514988024468477

230 cheechan the Bolt Thrower (level 6, -3/41 HPs)
             Began as an Octopode Hunter on Oct 20, 2021.
             Killed from afar by an orc wizard (8 damage)
             ... with a magic dart
             ... on level 4 of the Dungeon.
             The game lasted 00:14:25 (3390 turns).

cheechan the Bolt Thrower (Octopode Hunter)         Turns: 3390, Time: 00:14:25

Health: -3/41      AC:  1    Str: 12    XL:     6   Next: 3%
Magic:  15/15      EV: 13    Int: 14    God:
Gold:   87         SH:  0    Dex: 13    Spells: 3/5 levels left

rFire   . . .      SeeInvis .   k - +2 glaive (flame)
rCold   . . .      Faith    .   (shield currently unavailable)
rNeg    . . .      Spirit   .   (helmet restricted)
rPois   .          Reflect  .   (no amulet)
rElec   .          Harm     .   g - ring of wizardry
rCorr   .          Rampage  .   j - ring of magical power
Will    .....                   (no ring)
Stlth   +++.......              (no ring)
HPRegen 0.13/turn               (no ring)
MPRegen 0.14/turn               (no ring)
                                (no ring)
                                (no ring)

@: no status effects
A: almost no armour, amphibious, 8 rings, camouflage 1, gelatinous body 1,
(nimble swimmer 1), tentacles
a: no special abilities


You were on level 4 of the Dungeon.
You visited 1 branch of the dungeon, and saw 4 of its levels.

You collected 87 gold pieces.

Inventory:

Hand Weapons
 a - a +1 hand crossbow
 b - a +0 short sword
 k - a +2 glaive of flaming (weapon)
Missiles
 d - 103 stones
 m - 11 poisoned darts (quivered)
 n - 6 bolts
 o - 21 arrows
 p - 25 sling bullets
Magical Staves
 h - a staff of fire
Jewellery
 g - a ring of wizardry (left tentacle)
 j - a ring of magical power (right tentacle)
Scrolls
 e - 2 scrolls of teleportation
 l - a scroll of silence
Potions
 c - a potion of lignification {unknown}
 f - 2 potions of curing
 i - 2 potions of attraction


   Skills:
 + Level 2.7 Fighting
 + Level 0.4 Staves
 + Level 6.2 Crossbows
 + Level 0.4 Throwing
 + Level 2.4 Dodging
 + Level 2.6 Stealth


You had 3 spell levels left.
You knew the following spells:

 Your Spells              Type           Power      Damage    Failure   Level
a - Wereblood             Tmut           0%         N/A       17%         2

Your spell library contained the following spells:

 Spells                   Type           Power      Damage    Failure   Level
 Sublimation of Blood     Necr           0%         N/A       17%         2
 Summon Hydra             Summ           0%         N/A       100%        7


Dungeon Overview and Level Annotations

Branches:
Dungeon (4/15)
 Temple: D:4-7

Altars:
Makhleb


Innate Abilities, Weirdness & Mutations

You cannot wear most types of armour.
You are amphibious.
You can wear up to eight rings at the same time.
Your skin changes colour to match your surroundings (Stealth+).
Your rubbery body absorbs attacks. (AC +1, EV +1)
((You are camouflaged near water. (Stealth+)))
You have tentacles for arms and can constrict up to eight enemies at once.


Message History

The orc wizard flickers and vanishes!
Deactivating autopickup; reactivate with Ctrl-A.
Something hits you.
You closely miss something.
You hear some strange, mumbled words.
You are confused.
You bump into the rock wall.
Something hits you.
You bump into the rock wall.
Something hits you.
You barely miss something. Something hits you. x2
You bump into the rock wall.
You feel less confused. Something hits you.
You barely miss something.
You hear some strange, mumbled words.
A magic dart appears from out of thin air!
The magic dart hits you. Something hits you.
* * * LOW HITPOINT WARNING * * *
You barely miss something. Your squeeze misses something. Something hits you.
* * * LOW HITPOINT WARNING * * *
You miss something. You squeeze something.
You hear some strange, mumbled words.
Something tries to affect you, but you resist.
You hear some strange, mumbled words.
You are confused.
You feel better. Something hits you.
You closely miss something. Something barely misses you. Something hits you.
You miss something. Something hits you.
* * * LOW HITPOINT WARNING * * *
You closely miss something. Something barely misses you.
You hear some strange, mumbled words.
Something tries to affect you, but you resist.
You barely miss something. Something hits you.
* * * LOW HITPOINT WARNING * * *
Something hits you.
* * * LOW HITPOINT WARNING * * *
You closely miss something.
You hear some strange, mumbled words.
A magic dart appears from out of thin air!
The magic dart hits you!
You die...

#.##.##
##.......#
#.### ##.....##
#.# ##...## #.#
##### ##'## #.#
#...# #.# #.#
#.#.# #.# #.#
#.#.# ##.##
#{###.#.#
##...##
#.@.....#
#.....#
#####...#
##...## #...#
##.## #
#...######.##..
##......)....#
#########.###
#.# #.# #.♣


There were no monsters in sight!

Vanquished Creatures
  3 iron imps (D:3)
  An iguana (D:3)
  4 adders
  3 worms
  2 dart slugs (D:1)
  3 orcs
  5 ball pythons
  3 bats
  4 endoplasms
  A giant cockroach (D:2)
  6 hobgoblins
  10 jackals
  5 quokkas
  A frilled lizard (D:1)
  5 goblins (D:1)
  6 kobolds
  9 rats
71 creatures vanquished.

Notes
Turn   | Place    | Note
-------+----------+-------------------------------------------
     0 | D:1      | cheechan the Octopode Hunter began the quest for the Orb.
     0 | D:1      | Reached XP level 1. HP: 14/14 MP: 1/1
   113 | D:1      | Reached XP level 2. HP: 19/19 MP: 2/2
   442 | D:1      | Reached XP level 3. HP: 24/24 MP: 3/3
   746 | D:1      | Found a faded altar of an unknown god.
   758 | D:1      | Reached skill level 5 in Crossbows
  1364 | D:2      | Reached XP level 4. HP: 29/29 MP: 4/4
  1547 | D:2      | Learned a level 2 spell: Wereblood
  2269 | D:3      | Found a burning altar of Makhleb.
  2296 | D:3      | Reached XP level 5. HP: 32/35 MP: 5/5
  2308 | D:3      | Reached skill level 6 in Crossbows
  3297 | D:4      | Reached XP level 6. HP: 41/41 MP: 6/6
  3390 | D:4      | Killed from afar by an orc wizard

Illustrated notes

Levels and vault maps discovered:
D:1:      elethiomel_arrival_quiet, layout_rooms,
          shapermc_ecumenical_altar_starsandcircs,
          amcnicky_mini_rare_corridor_liquid
D:2:      layout_loops_ring
D:3:      layout_basic, demons_altar
D:4:      kennysheep_kobold_camp, layout_loops_corners,
          grunt_temple_overflow_order_and_chaos_1

Skill      XL: |  1  2  3  4  5 |
---------------+----------------+-----
Crossbows      | 5 6 |  6.2
Stealth        | 2 |  2.6
Fighting       | |  2.7
Staves         | |  0.4
Throwing       | |  0.4
Dodging        | |  2.4

Action                   |  1- 3 |  4- 6 || total
-------------------------+-------+-------++-------
Melee: Staff             |       |    27 ||    27
       Tentacles         |       |    12 ||    12
       Constrict         |       |    10 ||    10
       Glaive            |       |    23 ||    23
 Fire: Hand crossbow     |    94 |    38 ||   132
Throw: Dart              |       |     6 ||     6
  Use: Scroll            |     2 |     5 ||     7
       Potion            |       |     1 ||     1
 Stab: Sleeping          |       |     3 ||     3
Armor: Skin              |     6 |     3 ||     9
Dodge: Dodged            |    28 |    28 ||    56

Table legend: (Time is in decaauts)
 A = Elapsed time spent in this place.
 B = Non-inter-level travel time spent in this place.
 C = Inter-level travel time spent in this place.
 D = Time resting spent in this place.
 E = Time spent auto-exploring this place.
 F = Levels seen in this place.
 G = Mean time per level.
                   A        B        C        D        E       F      G
               +--------+--------+--------+--------+--------+-----+--------+
         Total |   3439 |   3439 |      0 |    568 |      0 |   4 |  859.8 |
       Dungeon |   3439 |   3439 |      0 |    568 |      0 |   4 |  859.8 |
               +--------+--------+--------+--------+--------+-----+--------+

Top non-repeatable levels by time:
     D:3: 1479 daAuts
     D:1: 1049 daAuts
     D:2: 762 daAuts
     D:4: 149 daAuts
